AoeStats
← ***

Arabia

507671865Analyzed
1v1 RM · 11d ago on Sep 19, 2026· 38m 38s· 2 players
Game mode
Random Map
Map size
Tiny (2 player)
Population
200
Speed
Normal
Resources
Standard
Victory
Conquest
Starting age
Dark Age
Ending age
Imperial Age
RankedLock teamsTeams togetherTeam positionsShared explorationLock speedFull tech treeHidden civsTurbo modeCheats
Victory
Defeat
🇩🇪 Italians · Germany
1851
+14
🇭🇰 Lithuanians · Hong Kong SAR China
1798
-14
***
8:22 Feudal Age
8:47 Loom
9:05 Double-Bit Axe
12:31 Horse Collar
14:26 Fletching
18:26 Padded Archer Armor
22:04 Castle Age
22:10 Scale Barding Armor
22:17 Bloodlines
22:50 Bodkin Arrow
25:54 Husbandry
31:24 Wheelbarrow
31:27 Chain Barding Armor
32:31 Forging
35:59 Devotion
Jayklops
5:57 Loom
9:03 Feudal Age
12:47 Double-Bit Axe
14:29 Horse Collar
16:11 Fletching
23:10 Castle Age
22:00 Bloodlines
22:02 Forging
22:26 Scale Barding Armor
24:06 Wheelbarrow
23:23 Light Cavalry
24:04 Husbandry
27:16 Bow Saw
30:36 Heavy Plow
31:04 Crossbowman
31:41 Bodkin Arrow
34:12 Hand Cart
33:43 Town Watch
34:43 Thumb Ring
38:02 Imperial Age
36:06 Gold Mining
37:07 Padded Archer Armor
36:32 Pikeman
37:13 Squires
38:50 Ballistics
38:47 Bracer
38:14 Arbalester
Connection lost

Rejoining the realm…

Still unreachable

The connection could not be restored.

Session expired

The server has moved on; the page needs a fresh start.